 Dungeon Crawl Stone Soup version 0.29.1-15-g9cfb28693d (webtiles) character file.

Game seed: 12848638694179891282

118 Atelerd the Digger (level 5, 0/31 HPs)
             Began as an Octopode Earth Elementalist on Mar 8, 2023.
             Shot with a sling bullet by a goblin (5 damage)
             ... led by Robin
             ... on level 3 of the Dungeon.
             The game lasted 00:03:57 (2186 turns).

Atelerd the Digger (Octopode Earth Elementalist)    Turns: 2186, Time: 00:03:58

Health: 0/31       AC:  1    Str:  7    XL:     5   Next: 2%
Magic:  5/9        EV: 13    Int: 20    God:
Gold:   121        SH:  0    Dex: 12    Spells: 9/10 levels left

rFire   . . .      SeeInvis .   q - +2 dagger (vamp)
rCold   . . .      Faith    .   (no shield)
rNeg    . . .      Spirit   .   (helmet restricted)
rPois   .          Reflect  .   (no amulet)
rElec   .          Harm     .   (no ring)
rCorr   .          Rampage  .   (no ring)
Will    .....                   (no ring)
Stlth   ++++......              (no ring)
HPRegen 0.10/turn               (no ring)
MPRegen 0.11/turn               (no ring)
                                (no ring)
                                (no ring)

@: no status effects
A: almost no armour, amphibious, 8 rings, camouflage 1, gelatinous body 1,
nimble swimmer 1, tentacles
a: no special abilities


You were on level 3 of the Dungeon.
You visited 1 branch of the dungeon, and saw 3 of its levels.

You collected 121 gold pieces.

Inventory:

Hand Weapons
 b - a +0 short sword
 q - a +2 vampiric dagger (weapon)
Missiles
 n - 2 throwing nets
Armour
 h - a +0 buckler
Scrolls
 d - 5 scrolls of identify {unknown}
 f - 2 scrolls of amnesia {unknown}
 i - 2 scrolls of enchant weapon {unknown}
 j - a scroll of poison {unknown}
 k - a scroll of blinking {unknown}
 m - a scroll of silence {unknown}
 r - a scroll of enchant armour {unknown}
 t - a scroll of immolation {unknown}
Potions
 a - a potion of magic
 c - 2 potions of lignification {unknown}
 e - 3 potions of flight {unknown}
 g - a potion of mutation {unknown}
 l - a potion of cancellation {unknown}
 o - a potion of curing {unknown}
 p - a potion of attraction {unknown}
 s - 2 potions of haste {unknown}


   Skills:
 - Level 2.0 Dodging
 - Level 2.6 Stealth
 + Level 3.0 Spellcasting
 * Level 2.5 Transmutations
 + Level 4.2 Earth Magic


You had 9 spell levels left.
You knew the following spells:

 Your Spells              Type           Power      Damage    Failure   Level
a - Sandblast             Erth           38%        2d10      2%          1

Your spell library contained the following spells:

 Spells                   Type           Power      Damage    Failure   Level
 Passwall                 Tmut/Erth      13%        N/A       5%          2
 Sting                    Tmut/Pois      32%        1d4       9%          1
 Stone Arrow              Conj/Erth      22%        3d8       19%         3
 Poisonous Vapours        Pois/Air       6%         N/A       22%         2
 Petrify                  Tmut/Erth      16%        N/A       34%         4
 Olgreb's Toxic Radiance  Pois           3%         N/A       80%         4


Dungeon Overview and Level Annotations

Branches:
Dungeon (3/15)

Altars:
Okawaru

Annotations:
D:3 Robin


Innate Abilities, Weirdness & Mutations

You cannot wear most types of armour.
You are amphibious.
You can wear up to eight rings at the same time.
Your skin changes colour to match your surroundings (Stealth+).
Your rubbery body absorbs attacks. (AC +1, EV +1)
You are camouflaged when in or above water. (Stealth+)
You have tentacles for arms and can constrict up to eight enemies at once.


Message History

Confirm with . or Enter, or press ? or * to list all spells.
Aiming: Sandblast (safe; 2% risk of failure)
Press: ? - help, Shift-Dir - straight line, f/p - ball python
Aim: a ball python (water, constricting you, 80% to hit)
The blast of sand hits the ball python.
You kill the ball python!
The goblin no longer looks unusually strong. x2
Your Spellcasting skill increases to level 3!
You have reached level 5!
You feel clever.
Sorry, you're not good enough to have a special ability.
Unknown command.
Casting: Sandblast (safe; 2% risk of failure)
Confirm with . or Enter, or press ? or * to list all spells.
Aiming: Sandblast (safe; 2% risk of failure)
Press: ? - help, Shift-Dir - straight line, f - goblin
Aim: a goblin, wielding a +0 club (77% to hit)
The blast of sand hits the goblin!
You kill the goblin!
You hear a splash.
The goblin no longer looks unusually strong.
The goblin shoots a sling bullet.
The sling bullet barely misses you.
Casting: Sandblast (safe; 2% risk of failure)
Confirm with . or Enter, or press ? or * to list all spells.
Aiming: Sandblast (safe; 2% risk of failure)
Press: ? - help, Shift-Dir - straight line, f - goblin
Aim: a goblin, wielding a +0 club (77% to hit)
The blast of sand hits the goblin!
You kill the goblin!
You hear a splash.
The hobgoblin no longer looks unusually strong.
Unknown command.
The goblin shoots a sling bullet.
The sling bullet closely misses you.
Found 9 gold pieces.
The goblin shoots a sling bullet.
The sling bullet hits you.
Found a pair of gloves.
The goblin shoots a sling bullet.
The sling bullet hits you.
* * * LOW HITPOINT WARNING * * *
The goblin shoots a sling bullet.
The sling bullet hits you.
You die...

##### # ##....[ ## ##.#
#...$. ..#. ...
♣~♣~~♣♣~.. J.
♣~♣♣~PP~♣~~♣
#.~P♣♣♣~P~~~~~~~~♣♣♣
.~~~~~~~P~≈≈≈≈~~~~PP
♣~P~P~~~≈~≈≈≈@≈≈~♣~~
..♣♣~~♣~~♣≈≈≈≈≈≈≈≈≈≈≈P~P
.♣P~~~♣PP~≈≈≈≈≈≈≈≈≈≈≈≈~~
#~♣~♣~~~~≈≈≈≈≈≈≈≈≈≈≈≈≈P~
#♣~~P~~P~~≈†≈≈≈≈≈≈≈~≈≈~P
#.~PPP♣~~~g≈≈≈≈≈≈≈≈≈~~P~
#$.PP~~~~gg)~~≈≈≈≈~≈~P♣P
#...P♣o~~~g~~≈≈≈≈≈~~~♣~
......~~~~♣P~P~~P~~~~~


You could see a hobgoblin and 3 goblins.

Vanquished Creatures
  3 adders (D:2)
  4 dart slugs
  An orc (D:2)
  7 bats
  7 endoplasms
  A giant cockroach (D:2)
  2 hobgoblins
  10 jackals (D:2)
  A quokka (D:1)
  7 ball pythons
  6 frilled lizards
  13 goblins
  8 kobolds
  7 rats
77 creatures vanquished.

Vanquished Creatures (others)
  2 plants (D:3)
2 creatures vanquished.

Grand Total: 79 creatures vanquished

Notes
Turn   | Place    | Note
-------+----------+-------------------------------------------
     0 | D:1      | Atelerd the Octopode Earth Elementalist began the quest for
                  | the Orb.
     0 | D:1      | Reached XP level 1. HP: 11/11 MP: 3/3
   107 | D:1      | Reached XP level 2. HP: 17/17 MP: 3/5
   482 | D:1      | Reached XP level 3. HP: 21/21 MP: 2/6
  1161 | D:2      | Found an iron altar of Okawaru.
  1270 | D:2      | Reached XP level 4. HP: 27/27 MP: 3/8
  1348 | D:2      | Reached skill level 4 in Earth Magic
  2163 | D:3      | Noticed Robin
  2181 | D:3      | Reached XP level 5. HP: 13/31 MP: 6/9
  2186 | D:3      | Shot with a sling bullet by a goblin

Illustrated notes

Levels and vault maps discovered:
D:1:      zaba_arrival_water, layout_loops_cross
D:2:      layout_basic, basic_altar, minmay_joined_circles
D:3:      layout_rooms, serial_bayou_lake_a, uniq_jessica, uniq_robin

Skill      XL: |  1  2  3  4 |
---------------+-------------+-----
Earth Magic    | 4 |  4.2
Transmutations | 2 |  2.5
Spellcasting   | 3 |  3.0
Dodging        | |  2.0
Stealth        | |  2.6

Action                   |  1- 3 |  4- 6 || total
-------------------------+-------+-------++-------
Melee: Unarmed           |     3 |       ||     3
       Constrict         |     7 |     2 ||     9
       Short sword       |    13 |     2 ||    15
       Tentacles         |     1 |     2 ||     3
       Dagger            |       |     5 ||     5
 Cast: Sandblast         |    46 |    40 ||    86
 Stab: Sleeping          |     3 |     1 ||     4
Armor: Skin              |     3 |       ||     3
Dodge: Dodged            |    17 |    22 ||    39
